 Dungeon Crawl Stone Soup version 0.28-a0-1159-g27aa881441 (webtiles) character file.

Game seed: 6587132053448798126

73 spaghetti the Covert (level 4, 21/21 HPs)
             Began as a Felid Delver on Dec 15, 2021.
             Quit the game on level 7 of the Dungeon.
             The game lasted 00:02:41 (421 turns).

spaghetti the Covert (Felid Delver)                  Turns: 421, Time: 00:02:41

Health: 21/21      AC:  1    Str:  8    XL:     4   Next: 8%
Magic:  5/5        EV: 17    Int: 14    God:
Gold:   56         SH:  0    Dex: 17    Spells: 3/3 levels left
                                        Lives:  0   Deaths: 1

rFire   x . .      SeeInvis +     - Unarmed
rCold   + . .      Faith    .   (shield unavailable)
rNeg    . . .      Spirit   .   (armour unavailable)
rPois   +          Reflect  .   (helmet unavailable)
rElec   .          Harm     .   (cloak unavailable)
rCorr   .          Rampage  .   (gloves unavailable)
Will    .....                   (boots unavailable)
Stlth   ++++......              (no amulet)
HPRegen 0.07/turn               i - ring of Detemmath {Ice rPois}
MPRegen 0.09/turn               (no ring)

@: quick
A: very small, claws 1, fangs 3, see invisible, speed 1, shaggy fur 1, stealthy
paws, no weapons or thrown items, no armour, multi-lived
a: no special abilities


You were on level 7 of the Dungeon.
You visited 1 branch of the dungeon, and saw 4 of its levels.

You collected 56 gold pieces.


Innate Abilities, Weirdness & Mutations

You have sharp claws.
You have razor-sharp teeth.
You have supernaturally acute eyesight. (SInv)
You cover ground quickly. (Speed+)
You are covered in fur. (AC +1)
Your paws help you pounce on unaware monsters.
You are incapable of wielding weapons or throwing items.
You cannot wear armour.
You gain extra lives every three experience levels.


   Skills:
 - Level 3.0 Fighting
 - Level 2.6 Dodging
 + Level 8.8 Stealth
 - Level 3.5 Unarmed Combat


You had 3 spell levels left.
You didn't know any spells.
Your spell library contained the following spells:

 Spells                   Type           Power      Damage    Failure   Level
 Magic Dart               Conj           0%         1d3       28%         1
 Call Imp                 Summ           0%         N/A       41%         2
 Mephitic Cloud           Conj/Pois/Air  0%         N/A       65%         3

Inventory:

Jewellery
 i - the ring of Detemmath (left paw) {Ice rPois}
   (You found it on level 5 of the Dungeon)

   [ring of ice]

   It enhances your ice magic.
   rF:        It makes you vulnerable to fire.
   rC:        It protects you from cold.
   rPois:     It protects you from poison.
Wands
 e - a wand of digging (3)
Scrolls
 a - a scroll of fog
 b - a scroll of magic mapping {!r}
Potions
 d - a potion of haste {@q3}

Dungeon Overview and Level Annotations

Branches:
Dungeon (8/15)
 Temple: D:4-7         Lair: D:8-11

Altars:

.... .....
###..##.....
##.....#.....
##.#..........
.....$....(..
#...........
##...........
#....@......#
#...###.....# ##.
..... ######## #
.##. ##......# ..
#.......## . ##
#.......# ..#
###..z<..#...#
#.z..........#....#


There were no monsters in sight!


Message History

Aim: an orc wizard, wielding a +0 dagger and wearing a +0 robe (60% to hit)
The puff of flame misses the orc wizard.
The orc wizard closely misses you.
Aiming: Throw Flame
Press: ? - help, Shift-Dir - straight line, f/p - orc wizard
Aim: an orc wizard, wielding a +0 dagger and wearing a +0 robe (60% to hit)
The puff of flame hits the orc wizard.
The orc wizard barely misses you.
Aiming: Throw Flame
Press: ? - help, Shift-Dir - straight line, f/p - orc wizard
Aim: an orc wizard, wielding a +0 dagger and wearing a +0 robe (moderately wounded, 60% to hit)
The puff of flame hits the orc wizard.
The howler monkey hoots and howls with incredible vigour!
The orc wizard barely misses you.
Aiming: Throw Flame
Press: ? - help, Shift-Dir - straight line, f/p - orc wizard
Aim: an orc wizard, wielding a +0 dagger and wearing a +0 robe (heavily wounded, 60% to hit)
The puff of flame misses the orc wizard.
The orc wizard hits you with a +0 dagger.
The howler monkey hoots and howls with incredible vigour! 😮 HP[-4]
You take 4 damage, and now have 12/21 hp.
Aiming: Throw Flame
Press: ? - help, Shift-Dir - straight line, f/p - orc wizard
Aim: an orc wizard, wielding a +0 dagger and wearing a +0 robe (heavily wounded, 60% to hit)
The puff of flame misses the orc wizard.
The orc wizard hits you but does no damage.
Aiming: Throw Flame
Press: ? - help, Shift-Dir - straight line, f/p - orc wizard
Aim: an orc wizard, wielding a +0 dagger and wearing a +0 robe (heavily wounded, 60% to hit)
The puff of flame hits the orc wizard!
You kill the orc wizard!
You feel your dexterity returning.
Your Stealth skill increases to level 8!
You start resting.
A howler monkey is nearby!
Aiming: Throw Flame
Press: ? - help, Shift-Dir - straight line, f - howler monkey
Aim: a howler monkey (64% to hit)
The puff of flame hits the howler monkey.
Your attack snaps the howler monkey out of its fear.
Aiming: Throw Flame
Press: ? - help, Shift-Dir - straight line, f/p - howler monkey
Aim: a howler monkey (moderately wounded, 64% to hit)
The puff of flame hits the howler monkey.
A water moccasin comes into view.
The howler monkey hits you.
* * * LOW HITPOINT WARNING * * *
The howler monkey barely misses you.
The water moccasin moves out of view. 😨 HP[-2]
You take 2 damage, and now have 10/21 hp.
Aiming: Throw Flame
Press: ? - help, Shift-Dir - straight line, f/p - howler monkey
Aim: a howler monkey (heavily wounded, 64% to hit)
The puff of flame hits the howler monkey.
The howler monkey barely misses you.
Aiming: Throw Flame
Press: ? - help, Shift-Dir - straight line, f/p - howler monkey
Aim: a howler monkey (almost dead, 64% to hit)
The puff of flame hits the howler monkey!
You kill the howler monkey!
The now-empty wand crumbles to dust.
You feel your strength returning.
You feel your intelligence returning.
You have reached level 5!
You feel clever. 😨 HP[+2] MP[+1]
You now have 24 max hp (+3).
You regained 2 hp, and now have 12/24 hp.
Your mp is fully restored (6).
Okay, then.
Okay, then.
Okay, then.
As you read the scroll labelled YSIKLU GALI, it crumbles to dust.
You feel strangely unstable.
It was a scroll of teleportation.
The water moccasin barely misses you. The water moccasin misses you.
Okay, then.
The water moccasin bites you!
* * * LOW HITPOINT WARNING * * *
You are lethally poisoned!
The water moccasin poisons you! 😱 HP[-7]
You take 7 damage, and now have 5/24 hp.
MASSIVE DAMAGE!! (PAUSE) Unknown command.
Unknown command.
A sky beast comes into view.
* * * LOW HITPOINT WARNING * * *
You feel very sick. 😱 HP[-3]
You take 3 damage, and now have 2/24 hp.
You die...
You feel very sick.
You are now level 4!
You rejoin the land of the living... 😎 HP[+19] MP[-1]
You now have 21 max hp (-3).
Your hp is fully restored (21).
Unknown command.
Unknown command.
Unknown command.
Are you sure you want to abandon this character and quit the game? (Confirm with "yes".)

Skill      XL: |  1  2  3  4 |
---------------+-------------+-----
Unarmed Combat | 3 |  3.5
Stealth        | 7 8 |  8.8
Fighting       | |  3.0
Dodging        | |  2.6

Action                   |  1- 3 |  4- 6 || total
-------------------------+-------+-------++-------
Melee: Unarmed           |     5 |       ||     5
       Bite              |     2 |       ||     2
Evoke: Wand              |       |    17 ||    17
  Use: Potion            |     1 |     3 ||     4
       Scroll            |     1 |     2 ||     3
 Stab: Sleeping          |     3 |       ||     3
Armor: Skin              |     1 |     1 ||     2
Dodge: Dodged            |     4 |    12 ||    16

Levels and vault maps discovered:
D:5:      layout_loops_ring, lemuel_doored_altar, lemuel_coloured_pillars_altar,
          minmay_crossroads
D:6:      layout_basic, mainiacjoe_overflow_concentric_impassable
D:7:      layout_cave_pools, minmay_temple_entry_statues_fountains
D:8:      layout_loops_ring, uniq_joseph

Notes
Turn   | Place    | Note
-------+----------+-------------------------------------------
     0 | D:5      | spaghetti the Felid Delver began the quest for the Orb.
     0 | D:5      | Reached XP level 1. HP: 10/10 MP: 2/2
     0 | D:5      | magus.rc [v1.9.6]
     4 | D:5      | Noticed an iguana
    10 | D:6      | Noticed an ogre
    45 | D:7      | Noticed a black bear
    45 | D:7      | Noticed a wight
    45 | D:7      | Noticed a wight
    45 | D:7      | Noticed a wight
    45 | D:7      | Noticed a wight
    67 | D:6      | Reached skill level 3 in Unarmed Combat
    67 | D:6      | Reached XP level 2. HP: 14/14 MP: 3/3
    84 | D:6      | Noticed an ogre
   120 | D:5      | Noticed a howler monkey
   124 | D:5      | Killed a howler monkey
   125 | D:5      | Reached skill level 7 in Stealth
   125 | D:5      | Reached XP level 3. HP: 17/17 MP: 4/4
   174 | D:5      | Identified the ring of Detemmath {Ice rPois}
   194 | D:5      | Reached XP level 4. HP: 21/21 MP: 5/5
   210 | D:5      | You pick up a book of Minor Magic and begin reading...
   210 | D:5      | You add the spells Magic Dart, Call Imp and Mephitic Cloud
                  | to your library.
   317 | D:6      | Noticed an ice beast
   333 | D:7      | Noticed an ice beast
   357 | D:8      | Noticed a two-headed ogre
   385 | D:8      | Noticed an ice beast
   397 | D:7      | Noticed a centaur
   411 | D:7      | Reached skill level 8 in Stealth
   413 | D:7      | Noticed a water moccasin
   416 | D:7      | Reached XP level 5. HP: 12/24 MP: 6/6
   418 | D:7      | HP: 5/24 [water moccasin (7)]
   419 | D:7      | Noticed a sky beast
   419 | D:7      | HP: 2/24 [poisoned by a water moccasin]
   420 | D:7      | Succumbed to a water moccasin's poison
   421 | D:7      | Reached XP level 4. HP: -1/21 MP: 5/5
   421 | D:7      | Quit the game

Vanquished Creatures
  2 howler monkeys
  A bullfrog skeleton (D:6)
  An orc wizard (D:7)
  An adder (D:5)
  A shadow imp (D:5)
  An orc (D:5)
7 creatures vanquished.

Table legend:
 A = Non-vault XP
 B = Vault XP
 C = Vault XP percentage of total XP
 D = Non-vault monster count
 E = Vault monster count
 F = Vault count percentage of total count
                 A         B        C        D         E       F
            +---------+---------+-------+---------+---------+-------
      Total |     211 |       0 |   0.0 |       7 |       0 |   0.0
            +---------+---------+-------+---------+---------+-------
        D:5 |      82 |       0 |   0.0 |       4 |       0 |   0.0
        D:6 |      39 |       0 |   0.0 |       1 |       0 |   0.0
        D:7 |      90 |       0 |   0.0 |       2 |       0 |   0.0
            +---------+---------+-------+---------+---------+-------

Illustrated notes

Table legend:
 A = Kills in this place as a percentage of kills in entire the game.
 B = Kills by you in this place as a percentage of kills by you in the entire game.
 C = Kills by friends in this place as a percentage of kills by friends in the entire game.
 D = Other kills in this place as a percentage of other kills in the entire game.
 E = Experience gained in this place as a percentage of experience gained in the entire game.
 F = Experience gained in this place divided by the number of levels of this place that you have seen.
                   A       B       C       D       E      F
               +-------+-------+-------+-------+-------+----------------------
         Total | 100.0 | 100.0 |   N/A |   N/A | 100.0 |  52.8
       Dungeon | 100.0 | 100.0 |   N/A |   N/A | 100.0 |  52.8
               +-------+-------+-------+-------+-------+----------------------

Table legend: (Time is in decaauts)
 A = Elapsed time spent in this place.
 B = Non-inter-level travel time spent in this place.
 C = Inter-level travel time spent in this place.
 D = Time resting spent in this place.
 E = Time spent auto-exploring this place.
 F = Levels seen in this place.
 G = Mean time per level.
                   A        B        C        D        E       F      G
               +--------+--------+--------+--------+--------+-----+--------+
         Total |    349 |    336 |     13 |      2 |    115 |   4 |   87.2 |
       Dungeon |    349 |    336 |     13 |      2 |    115 |   4 |   87.2 |
               +--------+--------+--------+--------+--------+-----+--------+

Top non-repeatable levels by time:
     D:5: 177 daAuts
     D:6: 91 daAuts
     D:7: 42 daAuts
     D:8: 38 daAuts
